 Dungeon Crawl Stone Soup version 0.21.0 (webtiles) character file.

1375 theswoord the Basher (level 8, -6/53 HPs)
             Began as a Gargoyle Fighter on Jan 6, 2018.
             Was a Follower of Makhleb.
             Mangled by Phong's ghost (12 damage)
             ... on level 5 of the Dungeon.
             The game lasted 00:16:50 (6386 turns).

theswoord the Basher (Gargoyle Fighter)             Turns: 6386, Time: 00:16:51

Health: -6/53      AC: 12    Str: 21    XL:     8   Next: 66%
Magic:  8/8        EV:  9    Int:  8    God:    Makhleb [*.....]
Gold:   166        SH:  9    Dex: 11    Spells: 7/7 levels left

rFire    . . .     SeeInvis .   j - +0 whip
rCold    . . .     Gourm    .   c - +0 shield
rNeg     + . .     Faith    .   h - +1 ring mail {MR+}
rPois    ∞         Spirit   .   (no helmet)
rElec    +         Reflect  .   (no cloak)
rCorr    .         Harm     +   (no gloves)
MR       +....                  (no boots)
Stlth    +.........             m - amulet of harm
HPRegen  0.17/turn              l - +1 ring of evasion
MPRegen  0.11/turn              (no ring)

@: berserk cooldown, slowed, very slow
A: negative energy resistance 1, electricity resistance, unbreathing,
petrification resistance, rot immunity, AC +5
a: Renounce Religion


You were on level 5 of the Dungeon.
You worshipped Makhleb.
Makhleb was aware of your devotion.
You were not hungry.

You visited 1 branch of the dungeon, and saw 5 of its levels.

You collected 166 gold pieces.

Inventory:

Hand Weapons
 a - a +0 flail
 j - a +0 whip (weapon)
Armour
 b - a +0 scale mail
 c - a +0 shield (worn)
 h - a +1 ring mail of magic resistance (worn)
Jewellery
 l - a +1 ring of evasion (left hand)
 m - an amulet of harm (around neck)
 u - an uncursed amulet of magic regeneration
Wands
 q - a wand of clouds (5) (quivered)
Scrolls
 o - 3 scrolls of amnesia
Potions
 e - 3 potions of flight
 i - 2 potions of degeneration
 p - a potion of experience {unknown}
 s - 2 potions of ambrosia
Books
 n - a book of Changes

   Spells                             Type                      Level
   a - Beastly Appendage              Transmutation                1
   b - Sticks to Snakes               Transmutation                2
   c - Spider Form                    Transmutation/Poison         3
   d - Ice Form                       Ice/Transmutation            4
   e - Blade Hands                    Transmutation                5
Comestibles
 f - 4 rations


   Skills:
 + Level 7.2 Fighting
 * Level 8.7 Maces & Flails
 - Level 3.2 Armour
 - Level 3.2 Shields


You had 7 spell levels left.
You didn't know any spells.

Dungeon Overview and Level Annotations

Branches:
Dungeon (5/15)             Temple (0/1) D:5

Altars:
Cheibriados
Makhleb
Ru
Uskayaw

Annotations:
D:5 Phong's ghost, novice HaHu


Innate Abilities, Weirdness & Mutations

You are resistant to torment.
Your stone body is resilient. (AC +5)
You are immune to poison.
You resist negative energy. (rN+)
You are resistant to electric shocks. (rElec)
You can survive without breathing.
You are immune to petrification.
You are immune to rotting.


Message History

You hit Phong's ghost but do no damage.
Phong's ghost hits you but does no damage. x2
You hit Phong's ghost but do no damage. Phong's ghost hits you.
* * * LOW HITPOINT WARNING * * *
You closely miss Phong's ghost. Phong's ghost hits you.
* * * LOW HITPOINT WARNING * * *
You hit Phong's ghost but do no damage.
Phong's ghost hits you but does no damage.
You hit Phong's ghost. Phong's ghost closely misses you.
You completely miss Phong's ghost. Phong's ghost hits you.
* * * LOW HITPOINT WARNING * * *
You closely miss Phong's ghost.
Phong's ghost hits you but does no damage.
You hit Phong's ghost but do no damage.
Phong's ghost hits you but does no damage.
You closely miss Phong's ghost. Phong's ghost hits you!
* * * LOW HITPOINT WARNING * * *
You block Phong's ghost's attack.
You whack Phong's ghost! Phong's ghost hits you!
You die...

..........# .........#
#.... .##.....# #....#
#.....# . #....# +.....#
..#..... #..##.#
..##>..#########..##.#
.......##.....##).###.
................@..# #.
.................W.# #.
..##...##................
'###...##.....##...####
..##...##..........#
........#.####''####
..##...#### ..≈≈ ..####'#
..≈≈ ..#....#


You could see Phong's ghost.

Vanquished Creatures
  A hungry ghost (D:5)
  Menkaure (D:5)
  A sky beast (D:5)
  3 ogres (D:4)
  5 orc wizards
  5 orc priests
  A centaur skeleton (D:4)
  7 worker ants
  A hound skeleton (D:5)
  4 gnolls (D:3)
  13 adders
  An adder zombie (D:5)
  An adder skeleton (D:5)
  3 worms
  4 dart slugs
  3 leopard geckos
  18 orcs
  A ball python (D:2)
  4 giant cockroaches
  10 goblins
  7 hobgoblins
  17 jackals
  4 quokkas
  8 bats
  8 frilled lizards
  6 kobolds
  A quokka skeleton (D:4)
  12 rats
150 creatures vanquished.

Notes
Turn   | Place    | Note
-------+----------+-------------------------------------------
     0 | D:1      | theswoord the Gargoyle Fighter began the quest for the Orb.
     0 | D:1      | Reached XP level 1. HP: 14/14 MP: 1/1
    62 | D:1      | Reached XP level 2. HP: 19/19 MP: 2/2
   319 | D:1      | Reached skill level 3 in Maces & Flails
   334 | D:1      | Reached XP level 3. HP: 24/24 MP: 3/3
   723 | D:2      | Found a snail-covered altar of Cheibriados.
   767 | D:2      | Reached XP level 4. HP: 26/29 MP: 4/4
   932 | D:2      | Reached skill level 4 in Maces & Flails
  1263 | D:2      | Reached XP level 5. HP: 31/34 MP: 5/5
  1868 | D:3      | Reached skill level 5 in Maces & Flails
  2050 | D:3      | Found a burning altar of Makhleb.
  2064 | D:3      | Reached XP level 6. HP: 36/40 MP: 6/6
  2078 | D:3      | Became a worshipper of Makhleb the Destroyer
  2543 | D:3      | Reached skill level 5 in Fighting
  3247 | D:4      | Reached skill level 6 in Maces & Flails
  3254 | D:4      | Reached XP level 7. HP: 35/44 MP: 7/7
  3800 | D:4      | Reached skill level 7 in Maces & Flails
  3907 | D:4      | Reached * piety under Makhleb
  4176 | D:4      | Found a sacrificial altar of Ru.
  4448 | D:4      | Reached XP level 8. HP: 48/52 MP: 8/8
  4728 | D:5      | Entered Level 5 of the Dungeon
  4731 | D:5      | Noticed Phong's ghost (novice HaHu)
  5153 | D:5      | Found a staircase to the Ecumenical Temple.
  5240 | D:5      | Noticed Menkaure
  5247 | D:5      | Killed Menkaure
  5446 | D:4      | Reached skill level 8 in Maces & Flails
  6095 | D:5      | Found a hide-covered altar of Uskayaw.
  6386 | D:5      | Mangled by Phong's ghost

Skill      XL: |  1  2  3  4  5  6  7  8 |
---------------+-------------------------+-----
Maces & Flails | 3 4 5 6 7 8 |  8.7
Fighting       | 4 5 6 7 |  7.2
Armour         | |  3.2
Shields        | |  3.2

Action                   |  1- 3 |  4- 6 |  7- 9 || total
-------------------------+-------+-------+-------++-------
Melee: Flail             |    87 |   179 |       ||   266
       Whip              |       |   224 |   432 ||   656
  Use: Scroll            |       |    15 |     4 ||    19
       Potion            |       |     1 |     3 ||     4
  Eat: Chunk             |       |     8 |     6 ||    14
       Ration            |       |       |     4 ||     4
Armor: Scale mail        |    26 |       |       ||    26
       Ring mail         |    21 |   182 |   143 ||   346
Dodge: Dodged            |    24 |   126 |    96 ||   246
Block: Shield            |    53 |   187 |   146 ||   386

Vault maps used:
D:1:      ncdulo_lavacross, minmay_misc_feat_five
D:2:      lemuel_doored_altar
D:3:      nicolae_overflow_crystal_walls, serial_curves, eino_curves_02,
          eino_curves_01
D:4:      first_ration, kennysheep_flooded_box
D:5:      kennysheep_big_flooded_room, nicolae_ru_awakened_eye,
          overflow_temple_1_default, minmay_temple_entry_butterflies,
          hangedman_abyss_or_decor_stagger, minmay_misc_feat_x,
          kennysheep_generic_room_9, uniq_menkaure, uniq_sigmund
